 Dungeon Crawl Stone Soup version 0.17.1-2-g5865329 (webtiles) character file.

113 Stagor the Firebug (level 4, -8/24 HPs)
             Began as a Tengu Fire Elementalist on Feb 6, 2016.
             Killed from afar by an adder (29 damage)
             ... with an exploding inner flame
             ... hexed by the player character
             ... on level 3 of the Dungeon.
             The game lasted 00:16:55 (2237 turns).

Stagor the Firebug (Tengu Fire Elementalist)        Turns: 2237, Time: 00:16:55

Health: -8/24      AC:  2    Str:  8    XL:     4   Next: 96%
Magic:  2/8        EV: 13    Int: 17    God:
Gold:   123        SH:  0    Dex: 14    Spells: 2 memorised, 4 levels left

rFire  . . .     SeeInvis .     (no weapon)
rCold  . . .     Clarity  .     a - +0 robe
rNeg   . . .     SustAt   .     (no shield)
rPois  .         Gourm    .     (helmet restricted)
rElec  .         Spirit   .     (no cloak)
rCorr  .         Warding  .     (no gloves)
rMut   .         Stasis   .     (boots unavailable)
MR     .....                    (no amulet)
Stlth  ++........               (no ring)
                                (no ring)

@: lethally poisoned (-8 -> -13), not resistant to hostile enchantments,
unstealthy
A: beak, talons 3
a: no special abilities


You were on level 3 of the Dungeon.
You were hungry.

You visited 1 branch of the dungeon, and saw 3 of its levels.

You collected 123 gold pieces.

Inventory:

Armour
 a - a +0 robe (worn)
 e - a +0 robe
Jewellery
 j - an uncursed ring of poison resistance {unknown}
 q - an uncursed ring of stealth {unknown}
Scrolls
 d - 2 scrolls of fog {unknown}
 h - a scroll of remove curse {unknown}
 l - a scroll of identify {unknown}
 m - a scroll of fear {unknown}
 n - a scroll of teleportation {unknown}
Potions
 f - a potion of mutation {unknown}
 g - a potion of lignification
 p - a potion of ambrosia {unknown}
Books
 b - a book of Flames

   Spells                             Type                      Level
   a - Flame Tongue                   Conjuration/Fire             1
   b - Throw Flame                    Conjuration/Fire             2
   c - Conjure Flame                  Conjuration/Fire             3
   d - Inner Flame                    Hexes/Fire                   3
   e - Sticky Flame                   Conjuration/Fire             4
   f - Fireball                       Conjuration/Fire             5
Miscellaneous
 k - a plain deck of wonders
Comestibles
 c - 2 bread rations
 i - 3 meat rations
 o - a fruit


   Skills:
 - Level 0.6 Fighting
 - Level 3.1 Dodging
 - Level 2.0 Stealth
 + Level 2.5 Spellcasting
 + Level 3.2 Conjurations
 + Level 4.3 Fire Magic


You had 4 spell levels left.
You knew the following spells:

 Your Spells              Type           Power        Failure   Level  Hunger
a - Flame Tongue          Conj/Fire      ###..        4%          1    #......
b - Inner Flame           Hex/Fire       #.......     24%         3    ###....


Dungeon Overview and Level Annotations

Branches:
Dungeon (3/15)

Altars:
Cheibriados
Nemelex Xobeh


Innate Abilities, Weirdness & Mutations

You have a beak for a mouth.
You have claws for feet.


Message History

Casting: Flame Tongue
Confirm with . or Enter, or press ? or * to list all spells.
Aiming: Flame Tongue
Press: ? - help, Shift-Dir - straight line, f/p - adder
Aim: an adder (inner flame)
The flame tongue hits the adder.
The adder is severely wounded.
The adder bites you.
You are poisoned.
The adder poisons you! The adder barely misses you.
Casting: Flame Tongue
Confirm with . or Enter, or press ? or * to list all spells.
Aiming: Flame Tongue
Press: ? - help, Shift-Dir - straight line, f/p - adder
Aim: an adder (severely wounded, inner flame)
The flame tongue hits the adder.
The adder explodes!
The fiery explosion engulfs you!
Ouch! That really hurt!
You die...

######
#.ยงยงยง#
#.##@#
#.#..#
....S.S.#.##
........#..#
........#<.#
........####
.........
.......##
g......


There were no monsters in sight!

Vanquished Creatures
  Ijyb (D:2)
  3 adders (D:2)
  An ooze (D:2)
  2 worms (D:2)
  A giant gecko (D:2)
  10 bats
  A giant cockroach (D:2)
  9 goblins
  5 hobgoblins
  2 jackals (D:1)
  5 kobolds
  A giant newt (D:1)
  5 rats
46 creatures vanquished.

Notes
Turn   | Place    | Note
--------------------------------------------------------------
     0 | D:1      | Stagor the Tengu Fire Elementalist began the quest for the Orb.
     0 | D:1      | Reached XP level 1. HP: 10/10 MP: 4/4
   407 | D:1      | Reached XP level 2. HP: 12/15 MP: 0/6
   686 | D:1      | Found a sparkling altar of Nemelex Xobeh.
   821 | D:2      | Found a snail-covered altar of Cheibriados.
   892 | D:2      | Reached XP level 3. HP: 19/19 MP: 5/7
  1032 | D:2      | Noticed Ijyb
  1135 | D:2      | Killed Ijyb
  1135 | D:2      | Reached skill level 4 in Fire Magic
  1135 | D:2      | Reached XP level 4. HP: 12/24 MP: 1/8
  2220 | D:3      | Learned a level 3 spell: Inner Flame
  2237 | D:3      | Killed from afar by an adder

Action                   |  1- 3 |  4- 6 || total
-------------------------+-------+-------++-------
Melee: Unarmed           |    39 |     2 ||    41
 Cast: Flame Tongue      |    54 |    50 ||   104
       Inner Flame       |       |     1 ||     1
  Use: Potion            |     3 |       ||     3
  Eat: Meat ration       |     1 |       ||     1
